 Dungeon Crawl Stone Soup version 0.26-a0-412-ga3d1f51b80 (webtiles) character file.

Game seed: 15735208984283031178

1261 KristoblXynda the Ruffian (level 8, -4/79 HPs)
             Began as a Troll Monk on July 23, 2020.
             Slain by a scorpion (8 damage)
             ... on level 5 of the Dungeon.
             The game lasted 00:04:28 (3585 turns).

KristoblXynda the Ruffian (Troll Monk)              Turns: 3585, Time: 00:04:29

Health: -4/79      AC:  7    Str: 20    XL:     8   Next: 27%
Magic:  7/7        EV: 12    Int:  8    God:
Gold:   236        SH:  0    Dex: 12    Spells: 7/7 levels left

rFire    . . .     SeeInvis .     - Unarmed
rCold    . . .     Faith    .   (no shield)
rNeg     . . .     Spirit   .   a - +0 robe
rPois    .         Reflect  .   (helmet restricted)
rElec    .         Harm     .   x - +0 cloak
rCorr    .                      (gloves unavailable)
MR       .....                  (boots unavailable)
Stlth    +.........             (no amulet)
HPRegen  0.63/turn              u - ring of attention (curse)
MPRegen  0.10/turn              (no ring)

@: lethally poisoned (-4 -> -8), slowed, very slow
A: large, unfitting armour, claws 3, deterioration 1, regeneration 1, shaggy fur
1, tough skin 3, wild magic 1
a: no special abilities


You were on level 5 of the Dungeon.
You visited 1 branch of the dungeon, and saw 5 of its levels.

You collected 236 gold pieces.

Inventory:

Armour
 a - a +0 robe (worn)
 x - a +0 cloak (worn)
Jewellery
 u - a cursed ring of attention (left claw)
Wands
 i - a wand of disintegration (10)
 t - a wand of digging (6)
 w - a wand of flame (13)
Scrolls
 c - 2 scrolls of enchant weapon {unknown}
 d - a scroll of teleportation {unknown}
 g - 2 scrolls of amnesia {unknown}
 j - 4 scrolls of identify {unknown}
 k - a scroll of magic mapping {unknown}
 p - 2 scrolls of fear {unknown}
 r - a scroll of remove curse {unknown}
 s - a scroll of blinking {unknown}
Potions
 b - a potion of mutation
 e - a potion of berserk rage {unknown}
 f - a potion of haste {unknown}
 h - a potion of heal wounds {unknown}
 l - a potion of cancellation {unknown}
 m - a potion of stabbing {unknown}
 n - a potion of flight {unknown}
 o - a potion of curing {unknown}
 q - a potion of might
 v - a potion of brilliance {unknown}


   Skills:
 + Level 4.8 Fighting
 + Level 4.8 Dodging
 - Level 1.0 Stealth
 * Level 7.7 Unarmed Combat


You had 7 spell levels left.
You didn't know any spells.
Your spell library contained the following spells:

 Spells                   Type           Power        Failure   Level
 Animate Skeleton         Necr           #.....       50%         1
 Apportation              Tloc           #.....       50%         1
 Corona                   Hex            #......      50%         1
 Summon Small Mammal      Summ           #...         50%         1


Dungeon Overview and Level Annotations

Branches:
Dungeon (5/15)
 Temple: D:4-7

Altars:
Gozag
Yredelemnul
The Shining One


Innate Abilities, Weirdness & Mutations

You are too large for most types of armour.
You have claws for hands.
Your natural rate of healing is unusually fast.
You are covered in fur. (AC +1)
You have extremely tough skin. (AC +3)
Your body sometimes deteriorates upon taking damage.
Your spells are a little harder to cast, but a little more powerful.


Message History

The scorpion poisons you!
Things that are here:
a +0 dagger; a +0 scale mail; an orc corpse You feel sick.
The scorpion stings you!
* * * LOW HITPOINT WARNING * * *
You feel sick.
The orc wizard gestures at you while chanting.
The magic dart hits you.
* * * LOW HITPOINT WARNING * * *
The orc wizard points at you and mumbles some strange words.
You feel yourself slow down.
Unknown command.
It was a potion of mutation.
You feel extremely strange.
You feel yourself wasting away.
You feel less in control of your magic.
You feel sick.
The orc throws a boomerang.
The boomerang barely misses you.
The weapon returns to the orc!
The scorpion stings you.
* * * LOW HITPOINT WARNING * * *
The orc wizard hits you but does no damage.
The scorpion stings you!
You die...

.## .......
........... #
.....#...
#.#....#.)#
..........###
..........#
#.....#...#
##.#.o#..## #
##@oo.# #..s.##
#...#)#####
#...####....#
#............#
#..............#
............#....
..........#.# ...
..8.....#.. ##


You could see a scorpion, an orc wizard (fast) and 2 orcs.

Vanquished Creatures
  A two-headed ogre (D:4)
  A phantom (D:3)
  2 ogres
  A scorpion (D:4)
  A centaur skeleton (D:4)
  Crazy Yiuf (D:4)
  2 orc wizards
  An iguana (D:5)
  Jessica (D:3)
  Ijyb (D:3)
  A worker ant (D:4)
  3 gnolls (D:4)
  3 adders
  2 oozes
  A worm (D:3)
  3 dart slugs
  A leopard gecko (D:4)
  7 orcs
  9 bats
  7 giant cockroaches
  8 goblins
  6 hobgoblins
  9 jackals
  8 frilled lizards
  13 kobolds
  5 rats
98 creatures vanquished.

Notes
Turn   | Place    | Note
-------+----------+-------------------------------------------
     0 | D:1      | KristoblXynda the Troll Monk began the quest for the Orb.
     0 | D:1      | Reached XP level 1. HP: 22/22 MP: 0/0
   161 | D:1      | Reached XP level 2. HP: 28/29 MP: 1/1
   437 | D:1      | Reached XP level 3. HP: 36/36 MP: 2/2
  1059 | D:2      | Found an opulent altar of Gozag.
  1258 | D:2      | Reached skill level 4 in Unarmed Combat
  1636 | D:3      | Found a glowing golden altar of the Shining One.
  1687 | D:3      | Reached XP level 4. HP: 44/44 MP: 3/3
  1730 | D:3      | Noticed Jessica
  1739 | D:3      | Killed Jessica
  1765 | D:3      | Noticed an ogre
  1773 | D:3      | Killed an ogre
  1773 | D:3      | Reached XP level 5. HP: 7/53 MP: 4/4
  2295 | D:3      | Noticed Ijyb
  2305 | D:3      | Killed Ijyb
  2305 | D:3      | Reached skill level 5 in Unarmed Combat
  2445 | D:4      | Found a basalt altar of Yredelemnul.
  2445 | D:4      | Noticed a two-headed ogre
  2446 | D:4      | Noticed a phantom
  2476 | D:3      | Killed a phantom
  2476 | D:3      | Reached XP level 6. HP: 10/61 MP: 5/5
  2809 | D:4      | Killed a two-headed ogre
  2809 | D:4      | Reached skill level 7 in Unarmed Combat
  2809 | D:4      | Reached XP level 7. HP: 44/71 MP: 6/6
  3049 | D:4      | Reached XP level 8. HP: 71/79 MP: 7/7
  3340 | D:4      | Found a runed translucent door.
  3341 | D:4      | Noticed Crazy Yiuf
  3513 | D:4      | Killed Crazy Yiuf
  3558 | D:5      | Entered Level 5 of the Dungeon
  3585 | D:5      | Gained mutation: Your body sometimes deteriorates upon
                  | taking damage. [potion of mutation]
  3585 | D:5      | Gained mutation: Your spells are a little harder to cast,
                  | but a little more powerful. [potion of mutation]
  3585 | D:5      | Slain by a scorpion

Illustrated notes

Levels and vault maps discovered:
D:1:      dpeg_arrival_shelter, layout_loops_corners
D:2:      wander_river, layout_loops_cross, nicolae_gozag_seed_capital,
          grunt_ministairs_15
D:3:      layout_loops_cross, tso_metal_star, minmay_goblin_kobold_house,
          uniq_jessica, uniq_ijyb
D:4:      layout_cave_pools, yredelemnul_altar_generic, serial_column_ruins,
          column_ruins_square_huge, column_ruins_open_tiny,
          column_ruins_columns_water, column_ruins_open_tiny,
          column_ruins_grid_2, uniq_crazy_yiuf_cottage
D:5:      minmay_bubble_buster, layout_cave_pools, minmay_temple_entry_wispy,
          serial_column_ruins, column_ruins_hut_ruined, column_ruins_grid_3,
          column_ruins_open_small, column_ruins_open_medium,
          column_ruins_corridor_corner

Skill      XL: |  1  2  3  4  5  6 |
---------------+-------------------+-----
Unarmed Combat | 4 5 7 |  7.7
Fighting       | 3 4 |  4.8
Dodging        | 3 4 |  4.8
Stealth        | |  1.0

Action                   |  1- 3 |  4- 6 |  7- 9 || total
-------------------------+-------+-------+-------++-------
Melee: Unarmed           |   105 |    75 |    72 ||   252
       Punch             |     2 |     1 |       ||     3
Evoke: Wand              |       |     3 |     1 ||     4
  Use: Potion            |       |       |     1 ||     1
 Stab: Sleeping          |     5 |     1 |       ||     6
Armor: Robe              |    45 |    11 |    16 ||    72
Dodge: Dodged            |    64 |    41 |    41 ||   146

Table legend: (Time is in decaauts)
 A = Elapsed time spent in this place.
 B = Non-inter-level travel time spent in this place.
 C = Inter-level travel time spent in this place.
 D = Time resting spent in this place.
 E = Time spent auto-exploring this place.
 F = Levels seen in this place.
 G = Mean time per level.
                   A        B        C        D        E       F      G
               +--------+--------+--------+--------+--------+-----+--------+
         Total |   3569 |   3414 |    155 |    524 |   2138 |   5 |  713.8 |
       Dungeon |   3569 |   3414 |    155 |    524 |   2138 |   5 |  713.8 |
               +--------+--------+--------+--------+--------+-----+--------+

Top non-repeatable levels by time:
     D:3: 1230 daAuts
     D:1: 890 daAuts
     D:4: 791 daAuts
     D:2: 631 daAuts
     D:5: 24 daAuts
